Map: 카이로스 정션 - 래더

Players

Solar - Winner!

  • Race: Zerg Zerg
  • League: Master
  • Spawn Location: 11:00

Cure

  • Race: Terran Terran
  • Spawn Location: 5:00

Event: IEM Season 13 - Katowice Server Qualifiers Asia 1

VOD

Have the link to the VOD?

Description

Time

  • Played on: Jan. 14, 2019, 5:27 a.m.
  • Length: 16:36

All games in this series

Show
View Real Time Build Order
Export as new Build Order

Solar Zerg - Winner!

Build Orders: Hatch First 

Get SALT Encoding   

  12  0:01  Drone  
  13  0:12  Overlord  
  13  0:16  Drone  
  14  0:31  Drone x2  
  16  0:48  Hatchery  
  15  0:51  Drone  
  15  0:55  Drone  
  17  0:58  Drone  
  18  1:06  Extractor  
  17  1:14  Spawning Pool  
  17  1:17  Drone  
  17  1:21  Drone  
  18  1:28  Drone  
  19  1:39  Drone  
  20  1:54  Overlord  
  20  2:01  Queen x2, Zergling x4  
  26  2:10  Metabolic Boost  
  26  2:13  Drone x2  
  28  2:31  Hatchery  
  28  2:34  Drone  
  29  2:37  Drone  
  29  2:42  Drone  
  30  2:45  Drone  
  30  2:50  Pneumatized Carapace  
  31  2:52  Drone  
  31  2:56  Overlord  
  32  2:59  Drone  
  33  3:05  Drone  
  33  3:07  Drone x2  
  36  3:13  Queen  
  36  3:15  Drone  
  36  3:17  Drone  
  40  3:20  Drone  
  40  3:22  Drone x2  
  40  3:26  Overlord  
  43  3:31  Drone  
  44  3:37  Overlord  
  44  3:45  Drone x2  
  44  3:46  Drone  
  44  3:47  Drone  
  47  3:49  Queen  
  47  3:53  Queen  
  51  3:57  Overlord  
  51  4:02  Baneling Nest, Drone  
  51  4:04  Zergling x2  
  51  4:05  Zergling x2  
  51  4:06  Zergling x2  
  54  4:10  Spore Crawler  
  54  4:13  Spore Crawler, Drone  
  54  4:14  Drone  
  54  4:16  Zergling x2  
  55  4:18  Zergling x2  
  55  4:20  Drone x2  
  55  4:22  Drone  
  58  4:25  Queen, Drone x2  
  60  4:32  Drone x2  
  60  4:34  Drone  
  63  4:40  Evolution Chamber  
  63  4:41  Drone x2  
  63  4:42  Evolution Chamber  
  62  4:48  Overlord  
  62  4:49  Drone  
  63  4:53  Drone  
  62  5:00  Queen  
  62  5:04  Drone  
  62  5:05  Drone x2  
  63  5:07  Zergling x2  
  63  5:08  Zergling x12  
  63  5:13  Drone  
  70  5:18  Drone  
  70  5:19  Drone  
  70  5:21  Drone x2  
  65  5:22  Drone  
  66  5:31  Extractor, Zerg Ground Armor Level 1, Zerg Melee Weapons Level 1  
  66  5:32  Drone x2  
  66  5:33  Drone  
  68  5:42  Drone x2  
  70  5:44  Lair  
  70  5:45  Drone x3  
  70  5:46  Drone  
  70  5:47  Extractor  
  73  5:51  Drone  
  73  5:53  Drone  
  73  5:54  Drone  
  73  5:55  Drone  
  73  5:56  Drone x2  
  79  5:59  Baneling Nest  
  79  6:02  Extractor  
  77  6:04  Overlord  
  77  6:06  Drone x4  
  81  6:14  Overlord  
  81  6:16  Overlord  
  81  6:22  Overlord, Hatchery  
  81  6:23  Overlord  
  81  6:24  Drone  
  81  6:28  Zergling x6  
  81  6:29  Zergling x4  
  81  6:30  Zergling x2  
  87  6:34  Zergling x6  
  90  6:40  Overlord  
  90  6:41  Zergling x2  
  90  6:42  Centrifical Hooks, Zergling x2  
  90  6:43  Baneling x6  
  90  6:44  Baneling  
  90  6:45  Baneling x2  
  92  6:47  Drone x2  
  92  6:50  Zergling x4  
  92  6:51  Drone  
  92  6:52  Drone  
  98  6:58  Overseer  
  98  6:59  Overlord  
  98  7:03  Zergling x4  
  98  7:04  Zergling x4  
  98  7:05  Drone  
  98  7:07  Drone  
  103  7:10  Drone  
  103  7:11  Drone x3  
  103  7:14  Zergling x2  
  103  7:15  Zergling x4  
  109  7:16  Overlord  
  109  7:18  Infestation Pit  
  109  7:19  Drone  
  109  7:25  Zerg Melee Weapons Level 2  
  109  7:28  Drone x2  
  111  7:30  Drone x3  
  111  7:31  Zerg Ground Armor Level 2, Drone  
  115  7:38  Zergling x4  
  115  7:41  Extractor  
  115  7:42  Hatchery  
  115  7:43  Queen  
  117  7:44  Zergling x6  
  117  7:45  Zergling x2  
  117  7:50  Baneling x2  
  117  7:51  Baneling  
  121  7:55  Zergling x2  
  121  7:56  Zergling x6  
  122  8:00  Zergling x14  
  120  8:09  Zergling x12, Hive  
  126  8:13  Baneling x3  
  126  8:14  Overlord  
  126  8:16  Drone x2  
  126  8:18  Zergling x2  
  126  8:19  Zergling x6  
  132  8:24  Overlord  
  132  8:25  Spore Crawler  
  130  8:28  Zergling x6  
  130  8:31  Hatchery  
  128  8:34  Overlord  
  128  8:36  Overlord  
  128  8:39  Zergling x10  
  128  8:40  Baneling x5  
  128  8:41  Zergling x6  
  136  8:51  Zergling x8  
  136  8:54  Zergling x2  
  136  8:55  Zergling x6  
  136  8:58  Zergling x2  
  136  8:59  Zergling x4  
  136  9:02  Drone  
  137  9:08  Zergling x14  
  143  9:14  Zergling x6  
  143  9:16  Overlord  
  142  9:17  Overlord  
  142  9:19  Overlord  
  139  9:25  Zergling x2  
  139  9:26  Zergling x12  
  146  9:31  Baneling x6  
  146  9:32  Zergling x2  
  146  9:33  Zergling x4  
  146  9:35  Adrenal Glands  
  146  9:37  Zergling x10  
  146  9:38  Zergling x6, Ultralisk Cavern  
  154  9:39  Zergling x2  
  153  9:47  Viper x2  
  153  9:52  Zergling x16  
  154  9:59  Zergling x10  
  154  10:02  Zergling x6  
  157  10:09  Zergling x16  
  148  10:17  Drone x3  
  147  10:22  Baneling x8  
  147  10:23  Zergling x8  
  147  10:24  Zergling x12  
  147  10:27  Chitinous Plating  
  147  10:28  Queen  
  148  10:44  Queen  
  148  10:46  Hatchery, Baneling x5  
  149  10:53  Drone x2  
  149  10:56  Ultralisk  
  157  10:59  Baneling x3  
  157  11:01  Overseer  
  157  11:03  Zergling x4, Zerg Ground Armor Level 3  
  159  11:07  Zergling x6  
  159  11:08  Zergling x2  
  159  11:10  Zergling x4  
  160  11:13  Zergling x4  
  160  11:14  Zergling x4  
  160  11:16  Zergling x4  
  166  11:21  Zergling x8  
  168  11:27  Spire  
  168  11:28  Zergling x6  
  168  11:30  Baneling x3  
  170  11:33  Baneling x6  
  170  11:38  Zergling x2  
  170  11:42  Zergling x4  
  170  11:43  Zergling x12  
  170  11:45  Baneling x3  
  176  11:49  Zergling x8  
  176  11:52  Baneling x6  
  176  11:53  Baneling  
  180  11:56  Zergling x2  
  180  11:57  Zergling x6  
  180  11:59  Zergling x2  
  180  12:00  Zergling x2  
  184  12:05  Zergling x2  
  184  12:06  Zergling x2  
  184  12:07  Zergling x10  
  184  12:08  Zergling x4  
  187  12:11  Zergling x2  
  184  12:17  Ultralisk  
  188  12:25  Drone  
  188  12:26  Drone x5  
  188  12:28  Extractor, Zergling x12  
  199  12:33  Zergling x2  
  199  12:43  Zergling x2  
  199  12:46  Baneling x8  
  199  12:47  Baneling x6  
  199  12:57  Zergling x2  
  199  12:58  Zergling x6  
  195  13:09  Zerg Flyer Weapons Level 1  
  195  13:10  Zerg Melee Weapons Level 3  
  188  13:14  Zergling x18  
  188  13:15  Zergling x4  
  188  13:19  Spore Crawler  
  196  13:21  Zergling x10  
  199  13:28  Baneling x2  
  199  13:29  Baneling x3  
  187  13:36  Hatchery  
  187  13:39  Unknown  
  187  13:41  Zergling x32  
  184  13:42  Zergling x10  
  184  13:43  Zergling x2  
  197  13:51  Baneling x2  
  197  13:52  Baneling x3  
  197  13:53  Corruptor  
  197  13:55  Drone  
  198  13:58  Drone  
  198  14:07  Unknown  
  144  14:10  Corruptor  
  144  14:11  Corruptor x8  
  144  14:14  Zergling x8  
  164  14:17  Zergling x6  
  164  14:20  Zergling x2  
  164  14:21  Zergling x6  
  164  14:22  Zergling x2  
  171  14:28  Zergling x6  
  171  14:30  Zergling x2  
  155  14:32  Zergling x2  
  155  14:33  Zergling x8  
  155  14:35  Overseer  
  155  14:36  Overseer  
  155  14:40  Ultralisk  
  155  14:42  Anabolic Synthesis  
  155  14:44  Zergling x2  
  155  14:45  Zergling x2  
  157  14:46  Zergling x4  
  157  14:52  Baneling x11  
  157  14:57  Zergling x2  
  157  14:58  Zergling x8  
  157  14:59  Baneling x2  
  162  15:03  Zergling x8  
  162  15:04  Baneling  
  162  15:05  Baneling x4  
  166  15:07  Zergling x4  
  166  15:13  Zergling x2  
  168  15:17  Zergling x8  
  168  15:18  Zergling x12  
  168  15:20  Zergling x2  
  168  15:21  Zergling x4  
  176  15:33  Baneling x2  
  176  15:34  Baneling x6  
  176  15:35  Zergling x12  
  181  15:37  Zergling x10  
  181  15:38  Zergling x2  
  181  15:40  Zergling x6  
  191  15:43  Baneling x4  
  191  15:44  Zergling x2, Baneling  
  191  15:46  Zergling x2  
  191  15:47  Zergling x2  
  191  15:49  Zergling x6  
  193  15:52  Zergling x2  
  193  16:02  Zergling x10  
  193  16:03  Zergling x2  
  163  16:04  Unknown  
  163  16:05  Zergling x20  
  163  16:11  Zergling x8  
  157  16:17  Zergling x4  
  159  16:18  Zergling x2  
Show
View Real Time Build Order
Export as new Build Order

Cure Terran 

Build Orders: Liberator Opening 

Get SALT Encoding   

  12  0:00  SCV  
  13  0:12  SCV  
  14  0:17  Supply Depot  
  14  0:24  SCV  
  15  0:38  SCV  
  15  0:40  Barracks  
  16  0:42  Refinery  
  16  0:50  SCV  
  17  1:03  SCV  
  18  1:15  SCV  
  19  1:27  Marine, Orbital Command  
  20  1:38  Command Center  
  20  1:45  Marine  
  21  1:48  Supply Depot  
  21  1:53  SCV  
  22  2:02  Factory  
  22  2:06  Barracks Reactor  
  22  2:09  SCV  
  23  2:16  Refinery  
  23  2:21  SCV  
  24  2:33  SCV  
  25  2:45  SCV  
  25  2:47  Starport  
  26  2:52  Hellion x2, Orbital Command  
  26  2:57  SCV  
  31  3:06  Liberator  
  31  3:11  SCV  
  32  3:13  Hellion x2  
  32  3:18  SCV  
  37  3:22  Supply Depot  
  37  3:24  SCV  
  41  3:30  SCV  
  42  3:35  Hellion  
  42  3:36  Hellion  
  42  3:40  Barracks Tech Lab  
  46  3:44  SCV x2  
  46  3:46  Supply Depot  
  48  3:56  SCV x2  
  48  3:57  Supply Depot  
  48  3:59  Liberator  
  50  4:08  Factory Tech Lab, Command Center  
  50  4:09  SCV  
  51  4:10  SCV  
  55  4:17  Marine  
  55  4:20  Stimpack  
  56  4:24  SCV x2  
  61  4:35  Marine  
  61  4:36  SCV x2  
  61  4:39  Factory Reactor  
  61  4:40  Barracks  
  61  4:41  Barracks  
  61  4:48  SCV  
  61  4:49  SCV  
  61  4:52  Engineering Bay  
  63  4:53  Marine  
  63  4:54  Engineering Bay  
  64  5:00  SCV  
  64  5:01  SCV  
  59  5:09  Supply Depot  
  59  5:11  Marine  
  59  5:13  SCV x2  
  62  5:21  Starport Reactor  
  54  5:25  SCV x2  
  54  5:26  Orbital Command  
  54  5:27  Terran Infantry Armor Level 1, Terran Infantry Weapons Level 1  
  56  5:29  Marine, Refinery  
  56  5:30  Refinery  
  56  5:32  Factory Reactor  
  57  5:36  Marine x2  
  57  5:37  SCV x2  
  57  5:40  Marine  
  57  5:41  Marine  
  63  5:47  Marine  
  63  5:49  SCV x2  
  66  5:51  Barracks  
  66  5:56  Barracks  
  66  5:57  Marine x2  
  66  5:58  Marine x2  
  66  6:01  SCV x2  
  66  6:02  Medivac x2  
  66  6:03  Orbital Command  
  76  6:04  Marine  
  76  6:08  Supply Depot  
  76  6:09  Supply Depot  
  76  6:11  Hellion x2  
  81  6:17  Marine x4  
  85  6:21  SCV x2  
  85  6:22  Marine  
  88  6:26  Combat Shield  
  88  6:29  SCV  
  89  6:33  SCV x2  
  89  6:36  Marine x4  
  95  6:40  Marine, Barracks Reactor  
  95  6:43  Barracks Reactor  
  95  6:44  Supply Depot x2  
  95  6:46  Armory  
  96  6:49  SCV x2  
  96  6:50  SCV  
  99  6:54  Medivac  
  99  6:57  Medivac  
  99  7:00  Widow Mine  
  99  7:01  Widow Mine  
  107  7:04  Marine x3  
  107  7:05  Marine  
  107  7:14  Refinery, Supply Depot  
  107  7:16  Factory, SCV x3  
  109  7:23  Marine x6  
  109  7:24  Marine x2  
  117  7:35  SCV x3  
  120  7:39  Marine, Supply Depot  
  120  7:41  Marine x5  
  120  7:42  Supply Depot  
  128  7:44  Widow Mine x2, Medivac  
  132  7:53  Marine  
  132  7:57  Marine x2  
  133  7:58  Marine  
  133  8:00  Medivac  
  133  8:04  Marine x4  
  133  8:05  Widow Mine, Drilling Claws  
  137  8:10  Terran Infantry Weapons Level 2, Terran Infantry Armor Level 2  
  137  8:12  Terran Vehicle And Ship Armor Level 1  
  137  8:16  Supply Depot  
  137  8:19  Supply Depot  
  137  8:24  Marine x4  
  141  8:31  Widow Mine x3, Medivac  
  149  8:34  Supply Depot  
  149  8:37  Medivac  
  151  8:46  Command Center  
  139  9:03  Marine x6  
  139  9:08  SCV x2  
  139  9:09  SCV  
  143  9:18  Widow Mine x3  
  143  9:20  Medivac x2  
  143  9:23  Marine x4  
  153  9:25  SCV  
  153  9:26  SCV  
  153  9:28  Marine x4  
  153  9:30  Marauder  
  161  9:33  Barracks  
  161  9:41  Marine x4  
  165  9:46  Marine x4  
  165  9:51  Marauder  
  146  9:58  Widow Mine x3  
  146  9:59  Marine x4, Medivac  
  150  10:00  Medivac  
  150  10:04  Marine x4  
  156  10:13  Marauder  
  153  10:16  Marine x2  
  153  10:17  Marine x2  
  153  10:19  Widow Mine  
  153  10:20  Widow Mine x2  
  159  10:22  Marine x4  
  161  10:34  Marine x4, Marauder  
  161  10:35  Medivac x2  
  169  10:37  Barracks Tech Lab  
  169  10:39  Marine x2  
  169  10:41  Widow Mine x2  
  169  10:42  Barracks  
  175  10:43  Barracks  
  175  10:45  SCV x3  
  175  10:48  Terran Infantry Weapons Level 3  
  178  10:53  Marine, Terran Infantry Armor Level 3  
  178  10:55  Marine  
  180  10:58  Planetary Fortress  
  180  11:01  Concussive Shells  
  180  11:14  Supply Depot  
  180  11:15  Supply Depot  
  180  11:31  Barracks Tech Lab x2  
  180  11:35  Marine x2  
  180  11:36  Marauder x2, Widow Mine x3  
  192  11:45  Marine x2  
  192  11:46  Marine x2  
  194  11:48  SCV x2  
  194  11:50  Sensor Tower  
  194  11:51  Supply Depot  
  196  11:59  Command Center  
  193  12:17  Command Center  
  189  12:50  Supply Depot x3  
  188  12:52  Command Center  
  188  12:59  Command Center  
  188  13:01  Supply Depot  
  185  13:10  Marine x4, SCV  
  185  13:11  Marauder, Widow Mine x3  
  185  13:12  Marauder x2  
  200  13:40  Marauder, Sensor Tower  
  188  13:50  Marine x2  
  188  13:51  Marine x2, Marauder x3  
  188  13:53  Marine x4  
  200  14:01  Terran Vehicle And Ship Armor Level 2  
  200  14:07  Unknown x2  
  155  14:12  Marauder x2  
  155  14:13  Marine x6, Marauder x2  
  155  14:14  Marine x2  
  155  14:16  Planetary Fortress, Widow Mine x3  
  170  14:20  Liberator x2  
  170  14:22  Orbital Command  
  161  14:31  Marine x6  
  136  14:34  Marauder x4  
  136  14:37  Widow Mine  
  136  14:38  Widow Mine x2  
  150  14:41  Marine  
  146  14:53  Marine x2  
  146  14:54  Marine  
  146  14:55  Marauder x3  
  146  14:56  Marauder  
  157  15:04  Planetary Fortress  
  157  15:07  Orbital Command  
  157  15:13  Widow Mine  
  157  15:14  Sensor Tower  
  157  15:17  Widow Mine x2, Liberator  
  157  15:20  Liberator  
  157  15:21  Marauder  
  161  15:25  Marine, Marauder  
  161  15:27  Sensor Tower  
  164  15:30  Marauder x2  
  164  15:35  Widow Mine  
  173  15:42  Marauder  
  178  15:50  Widow Mine x2  
  178  15:52  Marine x2  
  178  15:53  Marauder  
  186  15:58  Marine x3  
  186  15:59  Widow Mine  
  186  16:00  Marine, Marauder x2  
  186  16:01  Marine x2  
  186  16:03  Marauder  
  155  16:10  Marine x2  
  113  16:12  Widow Mine x2  
  113  16:14  Marauder  
  113  16:16  Marine x3  
  113  16:18  Marine  

Tags
 
Add a new tag
Caveats
  • Supply blocks, unpowered buildings, or Contaminate may cause inaccurate times.
  • Supply counts are checked every 10 seconds.